PBL
ROSWELL INVADERS @ HOUSTON COLT .45'S
10/10/2047
 
TOP OF THE 1ST
Amarillo ThunderHeads batting - Pitching for Tijuana Toros : LHP Joel Beery
Pitching: LHP Joel Beery
Batting: RHB Mike Trujillo 0-0: Swinging Strike
0-1: Ball
1-1: Foul Ball, location: 2F
1-2: Ball
2-2: Strikes out swinging
Batting: RHB Marços Berto 0-0: Called Strike
0-1: Ground out U3 (Groundball, 34, EV 105.0 MPH)
Batting: RHB Kisho Ito 0-0: Ball
1-0: Swinging Strike
1-1: Foul Ball, location: 2F
1-2: Fly out, F9 (Line Drive, 9, EV 99.4 MPH)
Top of the 1st over - 0 runs, 0 hits, 0 errors, 0 left on base; Amarillo 0 - Tijuana 0
BOTTOM OF THE 1ST
Tijuana Toros batting - Pitching for Amarillo ThunderHeads : RHP Nick Doty
Pitching: RHP Nick Doty
Batting: LHB James Betron 0-0: Ball
1-0: Foul Ball, location: 2F
1-1: Called Strike
1-2: Ball
2-2: Ground out 4-3 (Groundball, 4, EV 98.8 MPH)
Batting: RHB Eduardo Arias 0-0: Fly out, F8 (Flyball, 8RXD, EV 93.1 MPH)
Batting: LHB Miguel Medina 0-0: Foul Ball, location: 2F
0-1: Swinging Strike
0-2: Strikes out swinging
Bottom of the 1st over - 0 runs, 0 hits, 0 errors, 0 left on base; Amarillo 0 - Tijuana 0
TOP OF THE 2ND
Amarillo ThunderHeads batting - Pitching for Tijuana Toros : LHP Joel Beery
Batting: RHB Luis Mendoza 0-0: Foul Ball, location: 2F
0-1: Ground out 1-3 (Groundball, 23, EV 80.0 MPH)
Batting: LHB Javy Cisneros 0-0: Ball
1-0: Swinging Strike
1-1: SINGLE (Groundball, 4D, EV 98.8 MPH)
Batting: SHB Manny Morales 0-0: Ball
1-0: Called Strike
1-1: Swinging Strike
1-2: Ball
2-2: DOUBLE (Line Drive, 78D, EV 110.0 MPH)
Javy Cisneros to third
Batting: LHB Takeo Nishiguchi 0-0: Ball
1-0: Ground out 6-3 (Groundball, 6, EV 85.0 MPH)
Javy Cisneros scores
Batting: RHB Milion Kahangi 0-0: Ball
1-0: Swinging Strike
1-1: Swinging Strike
1-2: Strikes out swinging
Top of the 2nd over - 1 run, 2 hits, 0 errors, 1 left on base; Amarillo 1 - Tijuana 0
BOTTOM OF THE 2ND
Tijuana Toros batting - Pitching for Amarillo ThunderHeads : RHP Nick Doty
Batting: LHB Ricardo Rosales 0-0: Called Strike
0-1: Ball
1-1: Called Strike
1-2: Ball
2-2: Foul Ball, location: 2F
2-2: Strikes out swinging
Batting: RHB Mike Dodson 0-0: Ball
1-0: Ball
2-0: Called Strike
2-1: Fly out, F8 (Flyball, 89S, EV 86.9 MPH)
Batting: RHB Leo Garza 0-0: Foul Ball, location: 2F
0-1: Ball
1-1: Foul Ball, location: 2F
1-2: Ball
2-2: Foul Ball, location: 2F
2-2: Strikes out swinging
Bottom of the 2nd over - 0 runs, 0 hits, 0 errors, 0 left on base; Amarillo 1 - Tijuana 0
TOP OF THE 3RD
Amarillo ThunderHeads batting - Pitching for Tijuana Toros : LHP Joel Beery
Batting: RHB Nick Doty 0-0: Called Strike
0-1: Foul Ball, location: 2F
0-2: Strikes out looking
Batting: RHB Mike Trujillo 0-0: Called Strike
0-1: DOUBLE (Flyball, 8LXD, EV 103.8 MPH)
Batting: RHB Marços Berto 0-0: Called Strike
0-1: Ball
1-1: Ball
2-1: Ball
3-1: Swinging Strike
3-2: Foul Ball, location: 2F
3-2: Strikes out swinging
Batting: RHB Kisho Ito 0-0: Ball
1-0: Called Strike
1-1: Called Strike
1-2: SINGLE (Groundball, 5L, EV 95.6 MPH)
Mike Trujillo to third
Runner from 3rd tries for Home, throw by LF and OUT! 7-2
Top of the 3rd over - 0 runs, 2 hits, 0 errors, 1 left on base; Amarillo 1 - Tijuana 0
BOTTOM OF THE 3RD
Tijuana Toros batting - Pitching for Amarillo ThunderHeads : RHP Nick Doty
Batting: LHB Tomoshi Ueda 0-0: Fly out, F9 (Flyball, 9LM, EV 73.8 MPH)
Batting: RHB Juan Hernandez 0-0: Ball
1-0: Called Strike
1-1: Swinging Strike
1-2: Foul Ball, location: 2F
1-2: Ball
2-2: Foul Ball, location: 2F
2-2: Foul Ball, location: 2F
2-2: Ball
3-2: Foul Ball, location: 2F
3-2: Foul Ball, location: 2F
3-2: Base on Balls
Batting: LHB Joel Beery 0-0: Sac Bunt to 15S - play at first, batter OUT! 1-4
Juan Hernandez to second
Batting: LHB James Betron 0-0: Ball
1-0: Fly out, F5 (Popup, 5SF, EV 80.6 MPH)
Bottom of the 3rd over - 0 runs, 0 hits, 0 errors, 1 left on base; Amarillo 1 - Tijuana 0
TOP OF THE 4TH
Amarillo ThunderHeads batting - Pitching for Tijuana Toros : LHP Joel Beery
Batting: RHB Luis Mendoza 0-0: Swinging Strike
0-1: Foul Ball, location: 2F
0-2: Strikes out looking
Batting: LHB Javy Cisneros 0-0: Ball
1-0: Ground out U3 (Groundball, 34, EV 98.8 MPH)
Batting: SHB Manny Morales 0-0: Ground out 5-3 (Groundball, 56, EV 78.8 MPH)
Top of the 4th over - 0 runs, 0 hits, 0 errors, 0 left on base; Amarillo 1 - Tijuana 0
BOTTOM OF THE 4TH
Tijuana Toros batting - Pitching for Amarillo ThunderHeads : RHP Nick Doty
Batting: RHB Eduardo Arias 0-0: Ball
1-0: Fly out, F9 (Flyball, 89M, EV 88.1 MPH)
Batting: LHB Miguel Medina 0-0: Swinging Strike
0-1: Called Strike
0-2: Strikes out swinging
Batting: LHB Ricardo Rosales 0-0: Ball
1-0: Ball
2-0: Ball
3-0: Base on Balls
Batting: RHB Mike Dodson 0-0: Swinging Strike
0-1: Called Strike
0-2: Ball
1-2: Strikes out swinging
Bottom of the 4th over - 0 runs, 0 hits, 0 errors, 1 left on base; Amarillo 1 - Tijuana 0
TOP OF THE 5TH
Amarillo ThunderHeads batting - Pitching for Tijuana Toros : LHP Joel Beery
Batting: LHB Takeo Nishiguchi 0-0: Foul Ball, location: 2F
0-1: Ball
1-1: Ball
2-1: Ball
3-1: Foul Ball, location: 2F
3-2: Foul Ball, location: 2F
3-2: Foul Ball, location: 2F
3-2: Strikes out swinging
Batting: RHB Milion Kahangi 0-0: Fly out, F8 (Flyball, 8LS, EV 88.8 MPH)
Batting: RHB Nick Doty 0-0: Called Strike
0-1: Hit by Pitch
Batting: RHB Mike Trujillo 0-0: Ball
1-0: Called Strike
1-1: Ball
2-1: Foul Ball, location: 2F
2-2: Ball
3-2: DOUBLE (Flyball, 78D, EV 97.5 MPH)
Nick Doty to third
Nick Doty scores
Batting: RHB Marços Berto 0-0: Ground out 6-3 (Groundball, 6, EV 91.9 MPH)
Top of the 5th over - 1 run, 1 hit, 0 errors, 1 left on base; Amarillo 2 - Tijuana 0
BOTTOM OF THE 5TH
Tijuana Toros batting - Pitching for Amarillo ThunderHeads : RHP Nick Doty
Batting: RHB Leo Garza 0-0: Called Strike
0-1: Ball
1-1: Ball
2-1: Foul Ball, location: 2F
2-2: Ground out 5-3 (Groundball, 56S, EV 78.8 MPH)
Batting: LHB Tomoshi Ueda 0-0: Ball
1-0: Called Strike
1-1: Ball
2-1: Ball
3-1: TRIPLE (Flyball, 8RXD, EV 99.4 MPH)
Batting: RHB Juan Hernandez 0-0: Ball
1-0: Ball
2-0: Foul Ball, location: 2F
2-1: Foul Ball, location: 2F
2-2: Strikes out looking
Pinch Hitting: RHB Billy Valadez 0-0: Foul Ball, location: 2F
0-1: Foul Ball, location: 2F
0-2: Ball
1-2: Strikes out swinging
Bottom of the 5th over - 0 runs, 1 hit, 0 errors, 1 left on base; Amarillo 2 - Tijuana 0
TOP OF THE 6TH
Amarillo ThunderHeads batting - Pitching for Tijuana Toros : LHP Joel Beery
Pitching: RHP Edgar Marroquin
Batting: RHB Kisho Ito 0-0: Ball
1-0: Called Strike
1-1: Ball
2-1: Called Strike
2-2: Foul Ball, location: 2F
2-2: Strikes out looking
Batting: RHB Luis Mendoza 0-0: Ball
1-0: Swinging Strike
1-1: Foul Ball, location: 2F
1-2: SOLO HOME RUN (Flyball, 7D, EV 93.1 MPH), Distance : 380 ft
Batting: LHB Javy Cisneros 0-0: Foul Ball, location: 2F
0-1: Swinging Strike
0-2: Foul Ball, location: 2F
0-2: Ball
1-2: Strikes out swinging
Batting: SHB Manny Morales 0-0: Called Strike
0-1: Called Strike
0-2: Ball
1-2: Strikes out swinging
Top of the 6th over - 1 run, 1 hit, 0 errors, 0 left on base; Amarillo 3 - Tijuana 0
BOTTOM OF THE 6TH
Tijuana Toros batting - Pitching for Amarillo ThunderHeads : RHP Nick Doty
Batting: LHB James Betron 0-0: SINGLE (Line Drive, 78S, EV 91.3 MPH)
Batting: RHB Eduardo Arias 0-0: Ball
1-0: Swinging Strike
1-1: Fly out, F7 (Flyball, 7LS, EV 98.8 MPH)
Batting: LHB Miguel Medina 0-0: Ball
1-0: Called Strike
1-1: Ball
2-1: Called Strike
2-2: Strikes out swinging
Batting: LHB Ricardo Rosales 0-0: Called Strike
James Betron steals 2nd base
0-1: Called Strike
0-2: Ball
1-2: Fly out, F7 (Flyball, 7LSF, EV 91.3 MPH)
Bottom of the 6th over - 0 runs, 1 hit, 0 errors, 1 left on base; Amarillo 3 - Tijuana 0
TOP OF THE 7TH
Amarillo ThunderHeads batting - Pitching for Tijuana Toros : RHP Edgar Marroquin
Batting: LHB Takeo Nishiguchi 0-0: Ball
1-0: Ground out 4-3 (Groundball, 4, EV 90.0 MPH)
Batting: RHB Milion Kahangi 0-0: Ball
1-0: Called Strike
1-1: Called Strike
1-2: Ball
2-2: Ball
3-2: Strikes out swinging
Batting: RHB Nick Doty 0-0: Called Strike
0-1: Ball
1-1: Called Strike
1-2: Ball
2-2: Strikes out looking
Top of the 7th over - 0 runs, 0 hits, 0 errors, 0 left on base; Amarillo 3 - Tijuana 0
BOTTOM OF THE 7TH
Tijuana Toros batting - Pitching for Amarillo ThunderHeads : RHP Nick Doty
Batting: RHB Mike Dodson 0-0: Ball
1-0: Swinging Strike
1-1: Foul Ball, location: 2F
1-2: Ball
2-2: Strikes out swinging
Batting: RHB Leo Garza 0-0: SINGLE (Groundball, 4MS, EV 83.8 MPH) (infield hit)
Batting: LHB Tomoshi Ueda 0-0: Called Strike
0-1: Called Strike
0-2: Ball
1-2: Ball
2-2: Ball
3-2: Fly out, F8 (Flyball, 8LXD, EV 82.5 MPH)
Batting: RHB Juan Hernandez 0-0: Foul Ball, location: 2F
0-1: Fielders Choice at 2nd, 6-4 (Groundball, 56, EV 105.0 MPH)
Bottom of the 7th over - 0 runs, 1 hit, 0 errors, 1 left on base; Amarillo 3 - Tijuana 0
TOP OF THE 8TH
Amarillo ThunderHeads batting - Pitching for Tijuana Toros : RHP Edgar Marroquin
Pitching: RHP Ben Redwine
Batting: RHB Mike Trujillo 0-0: Called Strike
0-1: Called Strike
0-2: Strikes out looking
Batting: RHB Marços Berto 0-0: Reached on error, E1 (Groundball, 13, EV 69.4 MPH)
Batting: RHB Kisho Ito 0-0: Ball
Marços Berto steals 2nd base (no throw)
1-0: Ground out 5-3 (Groundball, 5L, EV 85.6 MPH)
Batting: RHB Luis Mendoza 0-0: Swinging Strike
0-1: Ball
1-1: Ball
2-1: Ball
3-1: Called Strike
3-2: Foul Ball, location: 2F
3-2: Foul Ball, location: 2F
3-2: Strikes out looking
Top of the 8th over - 0 runs, 0 hits, 1 error, 1 left on base; Amarillo 3 - Tijuana 0
BOTTOM OF THE 8TH
Tijuana Toros batting - Pitching for Amarillo ThunderHeads : RHP Nick Doty
Pinch Hitting: LHB Dave Lotts 0-0: Called Strike
0-1: Called Strike
0-2: Ball
1-2: Strikes out swinging
Batting: LHB James Betron 0-0: Called Strike
0-1: Called Strike
0-2: Foul Ball, location: 2F
0-2: TRIPLE (Line Drive, 89XD, EV 112.5 MPH)
Pitching: LHP Benedikt Potmesil
Batting: RHB Eduardo Arias 0-0: Ball
1-0: Ball
2-0: Called Strike
2-1: Fly out, F8 (Line Drive, 8RD, EV 99.4 MPH)
Runner from 3rd tags up, SCORES, no throw by CF
Batting: LHB Miguel Medina 0-0: Ball
1-0: Called Strike
1-1: Foul Ball, location: 2F
1-2: Strikes out swinging
Bottom of the 8th over - 1 run, 1 hit, 0 errors, 0 left on base; Amarillo 3 - Tijuana 1
TOP OF THE 9TH
Amarillo ThunderHeads batting - Pitching for Tijuana Toros : RHP Ben Redwine
Pitching: RHP Tony Johnson
Batting: LHB Javy Cisneros 0-0: Called Strike
0-1: Ball
1-1: Fly out, F8 (Flyball, 8LS, EV 86.9 MPH)
Batting: SHB Manny Morales 0-0: Foul Ball, location: 2F
0-1: Swinging Strike
0-2: Strikes out looking
Batting: LHB Takeo Nishiguchi 0-0: Ball
1-0: Foul Ball, location: 2F
1-1: Ball
2-1: Ball
3-1: Ground out 6-3 (Groundball, 6, EV 80.0 MPH)
Top of the 9th over - 0 runs, 0 hits, 0 errors, 0 left on base; Amarillo 3 - Tijuana 1
BOTTOM OF THE 9TH
Tijuana Toros batting - Pitching for Amarillo ThunderHeads : LHP Benedikt Potmesil
Pitching: RHP Victor Moreta
Batting: LHB Ricardo Rosales 0-0: Ball
1-0: Ground out 5-3 (Groundball, 6, EV 88.1 MPH)
Batting: RHB Mike Dodson 0-0: Ball
1-0: Foul Ball, location: 2F
1-1: Foul Ball, location: 2F
1-2: Strikes out swinging
Batting: RHB Leo Garza 0-0: Swinging Strike
0-1: Ball
1-1: Ball
2-1: Swinging Strike
2-2: Strikes out swinging
Bottom of the 9th over - 0 runs, 0 hits, 0 errors, 0 left on base; Amarillo 3 - Tijuana 1
Thursday, December 15th , 2022 - OOTP Baseball 23.9 Build 102